 Dungeon Crawl Stone Soup version 0.30-a0-373-gd37427bb62 (webtiles) character file.

Game seed: 11341560322094537836

9172 funkygono the Arsonist (level 11, -2/75 HPs)
             Began as a Demonspawn Fire Elementalist on Nov 24, 2022.
             Was a Priest of Vehumet.
             Slain by a vault guard
             ... wielding a +0 broad axe
              (9 damage)
             ... in a bailey.
             The game lasted 00:20:18 (9921 turns).

funkygono the Arsonist (DsFE)                       Turns: 9921, Time: 00:20:19

Health: -2/75      AC: 15    Str:  8    XL:     11   Next: 19%
Magic:  13/24      EV: 13    Int: 20    God:    Vehumet [***...]
Gold:   415        SH:  4    Dex: 15    Spells: 10/29 levels left

rFire   . . .      SeeInvis .    h - +6 flail (protect)
rCold   . . .      Faith    .    (no shield)
rNeg    . . .      Spirit   .    m - +1 robe {Will+}
rPois   .          Reflect  .    (helmet restricted)
rElec   .          Harm     .    n - +1 cloak
rCorr   .          Rampage  .    v - +1 pair of gloves
Will    +....                    t - +1 pair of boots
Stlth   ++........               (no amulet)
HPRegen 0.32/turn                (no ring)
MPRegen 0.19/turn                (no ring)

@: no status effects
A: horns 1, yellow scales 1, icemail 1, powered by death 1, condensation shield
a: Renounce Religion


You were in a bailey.
You worshipped Vehumet.
Vehumet was most pleased with you.
You visited 2 branches of the dungeon, and saw 9 of its levels.
You also visited: Bailey.

You collected 415 gold pieces.

Inventory:

Hand Weapons
 h - a +6 flail of protection (weapon)
 p - a +0 flail
Missiles
 l - a throwing net
Armour
 a - a +0 robe
 e - a scarf of harm
 m - a +1 robe of willpower (worn)
 n - a +1 cloak (worn)
 r - the +1 Delatra's gloves {ID++}
   (You found it on level 3 of the Dungeon)

   It heals its wearer when they drink unknown potions.
   It restores its wearer's MP when they read unknown scrolls.
 t - a +1 pair of boots (worn)
 v - a +1 pair of gloves (worn)
Jewellery
 o - a +4 ring of protection
Scrolls
 b - 2 scrolls of silence
 c - 5 scrolls of teleportation
 k - a scroll of enchant armour
 q - a scroll of magic mapping
 s - 3 scrolls of amnesia
Potions
 d - 2 potions of resistance {unknown}
 f - 2 potions of mutation
 g - 6 potions of curing
 u - a potion of lignification {unknown}
Miscellaneous
 w - a piece from Xom's chessboard (15/15)


   Skills:
 + Level 3.2 Fighting
 + Level 4.2 Maces & Flails
 + Level 4.3 Dodging
 - Level 1.7 Stealth
 + Level 2.3 Shields
 + Level 9.6 Spellcasting
 + Level 6.1 Conjurations
 + Level 9.8 Fire Magic


You had 10 spell levels left.
You knew the following spells:

 Your Spells              Type           Power      Damage    Failure   Level
a - Foxfire               Conj/Fire      100%       2x1d9     1%          1
b - Scorch                Fire           98%        2d9       1%          2
c - Kindle Blastsparks    Fire/Tloc/Air  44%        2d13      1%          3
d - Flame Wave            Conj/Fire      41%        2d11      1%          4
e - Magic Dart            Conj           100%       1d8       1%          1
f - Kiss of Death         Conj/Necr      88%        2d12      1%          1
g - Shock                 Conj/Air       88%        1d8       1%          1
h - Starburst             Conj/Fire      20%        6d7       11%         6

Your spell library contained the following spells:

 Spells                   Type           Power      Damage    Failure   Level
 Static Discharge         Conj/Air       44%        2-4/arc   1%          2
 Dazzling Flash           Conj/Hex       44%        N/A       1%          3
 Hailstorm                Conj/Ice       22%        3d7       1%          3
 Inner Flame              Hex/Fire       29%        N/A       1%          3
 Freeze                   Ice            36%        1d5       2%          1
 Mephitic Cloud           Conj/Pois/Air  17%        N/A       2%          3
 Poisonous Vapours        Pois/Air       18%        N/A       3%          2
 Iskenderun's Mystic Bla  Conj/Tloc      22%        2d6       5%          4
 Frozen Ramparts          Ice            18%        1d3       6%          3
 Call Imp                 Summ           9%         N/A       11%         2
 Cigotuvi's Dreadful Rot  Necr/Pois/Air  18%        N/A       11%         2
 Cause Fear               Hex            4%         N/A       58%         4
 Ice Form                 Ice/Tmut       9%         N/A       58%         4
 Manifold Assault         Tloc           9%         N/A       58%         4
 Summon Ice Beast         Ice/Summ       9%         N/A       58%         4
 Dispersal                Tloc           4%         N/A       100%        6
 Discord                  Hex            4%         N/A       100%        8
 Disjunction              Tloc           4%         N/A       100%        8


Dungeon Overview and Level Annotations

Branches:
Dungeon (8/15)             Temple (1/1) D:5          Bailey (1/1)
   Lair: D:8-11

Altars:
Cheibriados
Dithmenos
Fedhas
Gozag
Hepliaklqana
Kikubaaqudgha
Makhleb
Okawaru
Qazlal
Ru
Sif Muna
Trog
Uskayaw
Vehumet
Yredelemnul

Shops:
D:4 [

Annotations:
D:3 2 transporters


Innate Abilities, Weirdness & Mutations

You have a pair of small horns on your head.
You are partially covered in yellow scales. (AC +2)
A meltable icy envelope protects you from harm. (AC +4)
You regenerate a little health from kills.
A meltable shield of frost defends you. (SH +4)


Message History

Unknown command.
Casting: Scorch (safe; 1% risk of failure)
Confirm with . or Enter, or press ? or * to list all spells.
Okay, then.
You enter the shallow water.
Moving in this stuff is going to be slow.
The vault guard is no longer more vulnerable to fire.
The vault guard attacks as you move away!
The vault guard hits you with a +0 broad axe! x2
Casting: Scorch (safe; 1% risk of failure)
Confirm with . or Enter, or press ? or * to list all spells.
Flames lash the vault guard but do no damage.
The vault guard hits you with a +0 broad axe.
Unknown command.
Casting: Scorch (safe; 1% risk of failure)
Confirm with . or Enter, or press ? or * to list all spells.
Flames lash the vault guard.
The vault guard is moderately wounded.
The vault guard's fire resistance burns away.
The vault guard hits you with a +0 broad axe!
Unknown command.
The vault guard closely misses you.
The vault guard attacks as you move away!
You block the vault guard's attack.
The vault guard attacks as you move away!
The vault guard hits you but does no damage.
You enter the shallow water.
Moving in this stuff is going to be slow.
The vault guard is no longer more vulnerable to fire.
The vault guard hits you with a +0 broad axe!
The vault guard attacks as you move away!
The vault guard hits you with a +0 broad axe.
* * * LOW HITPOINT WARNING * * *
The vault guard hits you with a +0 broad axe!
* * * LOW HITPOINT WARNING * * *
Casting: Scorch (safe; 1% risk of failure)
Confirm with . or Enter, or press ? or * to list all spells.
Flames lash the vault guard but do no damage.
The vault guard hits you with a +0 broad axe!
You die...

###### #~.'.### #~p..#≈.~##
#~... #≈†~~## #... ##≈.~~~#
#########??###≈~..~##
##....#≈≈####≈≈~.~.##
##.....#~~≈≈≈≈~~~...#
#...#..'.@~~~~......+
#...#..#..p.....~)..#
#)†##..#≈≈≈~....~..~#
#...#######≈~.~.....~#
#####.......##≈~~~~~~~~~≈#
##...##))....#≈~~~~~~~~~≈##
#..∩†.)))..#'##≈≈~~~~~≈≈##
#.....######..###≈≈≈≈≈###
#..∩..'~~~##....#######


You could see a vault guard.

Vanquished Creatures
  A hydra (D:7)
  A centaur warrior (D:7)
  A two-headed ogre (D:7)
  A manticore (D:7)
  A kobold demonologist (D:7)
  A hornet (D:7)
  Prince Ribbit (D:8)
  6 humans (Bailey)
  Edmund (D:4)
  4 water moccasins
  4 orc warriors
  3 sky beasts
  4 ice beasts
  5 black bears
  4 centaurs (D:7)
  2 ogres
  2 phantoms
  Blork the orc (D:4)
  3 kobold brigands (D:7)
  A gnoll sergeant (D:7)
  15 bullfrogs
  3 necrophages
  4 scorpions
  A wight (D:7)
  6 killer bees (D:7)
  2 jellies (D:7)
  3 hounds
  7 orc priests
  2 iguanas (D:7)
  13 orc wizards
  4 gnolls
  2 adders
  A shadow imp (D:6)
  A white imp (D:7)
  2 ufetubi
  2 worms (D:3)
  4 dart slugs
  36 orcs
  8 endoplasms
  5 giant cockroaches
  14 goblins
  8 hobgoblins
  2 jackals (D:1)
  5 quokkas
  8 ball pythons
  5 bats
  4 frilled lizards
  12 kobolds
  3 rats
229 creatures vanquished.

Vanquished Creatures (others)
  2 bushes (D:7)
  587 foxfires
  5 plants (D:1)
  9 withered plants (D:1)
603 creatures vanquished.

Grand Total: 832 creatures vanquished

Notes
Turn   | Place    | Note
-------+----------+-------------------------------------------
     0 | D:1      | funkygono the Demonspawn Fire Elementalist began the quest
                  | for the Orb.
     0 | D:1      | Reached XP level 1. HP: 13/13 MP: 3/3
   291 | D:1      | Gained mutation: You are partially covered in yellow
                  | scales. (AC +2) [demonic ancestry]
   291 | D:1      | Reached XP level 2. HP: 19/19 MP: 3/5
   294 | D:1      | Learned a level 2 spell: Scorch
   861 | D:1      | Found a faded altar of an unknown god.
  1305 | D:2      | Reached XP level 3. HP: 24/24 MP: 2/6
  1309 | D:2      | Learned a level 3 spell: Kindle Blastsparks
  2281 | D:3      | Found a transporter.
  2377 | D:3      | Found a transporter.
  2407 | D:3      | Gained mutation: A meltable shield of frost defends you.
                  | (SH +4) [demonic ancestry]
  2407 | D:3      | Reached XP level 4. HP: 30/30 MP: 0/8
  2709 | D:3      | Found an opulent altar of Gozag.
  3250 | D:3      | Gained mutation: A meltable icy envelope protects you from
                  | harm. (AC +4) [demonic ancestry]
  3250 | D:3      | Reached XP level 5. HP: 10/35 MP: 9/9
  3354 | D:3      | Found the +1 Delatra's gloves {ID++}
  3802 | D:4      | Found Josmohu's Armour Boutique.
  4212 | D:4      | Learned a level 4 spell: Flame Wave
  4253 | D:4      | Noticed Edmund
  4281 | D:4      | Killed Edmund
  4282 | D:4      | Reached XP level 6. HP: 34/42 MP: 0/11
  4480 | D:4      | Noticed Blork the orc
  4485 | D:4      | Killed Blork the orc
  4674 | D:4      | Reached skill level 1 in Fighting
  4674 | D:4      | Reached skill level 5 in Fire Magic
  4809 | D:4      | Reached skill level 1 in Maces & Flails
  4832 | D:4      | Reached XP level 7. HP: 44/48 MP: 4/12
  5064 | D:5      | Entered Level 5 of the Dungeon
  5167 | D:5      | Found a staircase to the Ecumenical Temple.
  5175 | Temple   | Entered the Ecumenical Temple
  5674 | D:5      | Reached skill level 1 in Shields
  5886 | D:5      | Reached skill level 5 in Spellcasting
  5886 | D:5      | Reached XP level 8. HP: 54/54 MP: 5/15
  6315 | D:5      | You fall into a shaft and drop 2 floors!
  6315 | D:7      | Found a radiant altar of Vehumet.
  6320 | D:7      | Became a worshipper of Vehumet
  6945 | D:5      | Learned a level 1 spell: Magic Dart
  7337 | D:6      | Gained mutation: You regenerate a little health from kills.
                  | [demonic ancestry]
  7337 | D:6      | Reached XP level 9. HP: 61/61 MP: 10/18
  7768 | D:7      | HP: 3/61 [poisoned by a water moccasin]
  7900 | D:7      | Reached * piety under Vehumet
  7900 | D:7      | Offered knowledge of Kiss of Death by Vehumet.
  7903 | D:7      | Learned a level 1 spell: Kiss of Death
  7911 | D:7      | Found a bloodstained altar of Trog.
  7911 | D:7      | Noticed an eight-headed hydra
  7912 | D:7      | Noticed a two-headed ogre
  7923 | D:7      | Noticed a centaur warrior
  7924 | D:7      | Killed a two-headed ogre
  7925 | D:7      | Reached skill level 5 in Conjurations
  7929 | D:7      | Killed a centaur warrior
  7929 | D:7      | HP: 2/61 [eight-headed hydra (7)]
  7930 | D:7      | Reached XP level 10. HP: 2/68 MP: 16/21
  7930 | D:7      | Killed an eight-headed hydra
  7970 | D:7      | Noticed a manticore
  8230 | D:7      | Killed a manticore
  8230 | D:7      | Reached ** piety under Vehumet
  8230 | D:7      | Offered knowledge of Shock by Vehumet.
  8233 | D:7      | Learned a level 1 spell: Shock
  9059 | D:7      | Noticed a smoke demon
  9271 | D:7      | Learned a level 6 spell: Starburst
  9315 | D:8      | Offered knowledge of Static Discharge by Vehumet.
  9389 | D:8      | Found a hazy altar of Hepliaklqana.
  9389 | D:8      | Found a shadowy altar of Dithmenos.
  9394 | D:8      | Found an iron altar of Okawaru.
  9394 | D:8      | Found a blossoming altar of Fedhas.
  9417 | D:8      | Found a flagged portal.
  9421 | D:8      | Noticed Prince Ribbit
  9429 | D:8      | Killed Prince Ribbit
  9451 | Bailey   | Entered a bailey
  9488 | Bailey   | Gained mutation: You have a pair of small horns on your
                  | head. [demonic ancestry]
  9488 | Bailey   | Reached XP level 11. HP: 74/75 MP: 8/24
  9510 | Bailey   | Reached *** piety under Vehumet
  9884 | Bailey   | Noticed a vault guard
  9921 | Bailey   | Slain by a vault guard

Illustrated notes

Levels and vault maps discovered:
D:1:      elethiomel_arrival_infinity_welcomes_careful_drivers, layout_rooms,
          shapermc_ecumenical_altar_flowoftime
D:2:      layout_loops_ring, glass_columns_b
D:3:      gammafunk_steamed_eel, layout_loops_ring, mainiacjoe_overflow_paths,
          pf_guarded_unrand_delatra
D:4:      layout_basic, serial_shops, shop_fountains, nicolae_titane,
          uniq_edmund, uniq_blork_the_orc
D:5:      layout_loops_corners, temple_statues, minivault_19,
          serial_bayou_crossing
D:6:      layout_loops_ring, solitary_fountain
D:7:      nzn_winding_woodlands_cross
          [nzn_winding_woodlands_5x15_river_crossing,
          nzn_winding_woodlands_5x15_zeroes,
          nzn_winding_woodlands_5x15_sidewinder,
          nzn_winding_woodlands_5x15_pool,
          nzn_winding_woodlands_15x15_thick_spiral], layout_loops_ring,
          trog_ov_bears_minmay, nicolae_overflow_crystal_walls,
          minmay_alternating_orb
D:8:      layout_basic, grunt_temple_overflow_open, nicolae_overflow_squiral,
          enter_bailey_5, uniq_prince_ribbit1
Temple:   nicolae_temple_ecumenical_triangle
Bailey:   bailey_axe_froggy_fort_hellmonk, bailey

Skill      XL: |  1  2  3  4  5  6  7  8  9 10 |
---------------+-------------------------------+-----
Fire Magic     | 3 4 5 7 8 9 |  9.8
Spellcasting   | 3 5 6 7 9 |  9.6
Conjurations   | 3 4 5 6 |  6.1
Dodging        | 2 3 4 |  4.3
Fighting       | 1 2 3 |  3.2
Maces & Flails | 1 2 3 4 |  4.2
Shields        | 1 2 |  2.3
Stealth        | |  1.7

Action                   |  1- 3 |  4- 6 |  7- 9 | 10-12 || total
-------------------------+-------+-------+-------+-------++-------
Melee: Unarmed           |    19 |       |       |       ||    19
       Punch             |     2 |     1 |       |     1 ||     4
       Club              |     8 |     6 |       |       ||    14
       Flail             |       |    64 |    46 |    59 ||   169
       Headbutt          |       |       |       |     4 ||     4
 Cast: Foxfire           |    59 |    94 |    92 |    97 ||   342
       Scorch            |    12 |    23 |    38 |    56 ||   129
       Flame Wave        |       |       |     5 |    10 ||    15
  Use: Potion            |       |     2 |     3 |     2 ||     7
       Scroll            |       |     9 |    10 |     1 ||    20
Armor: Robe              |     7 |    50 |    68 |    63 ||   188
Dodge: Dodged            |     9 |    32 |    69 |   105 ||   215
Block: Other             |       |     4 |    26 |    29 ||    59

Table legend: (Time is in decaauts)
 A = Elapsed time spent in this place.
 B = Non-inter-level travel time spent in this place.
 C = Inter-level travel time spent in this place.
 D = Time resting spent in this place.
 E = Time spent auto-exploring this place.
 F = Levels seen in this place.
 G = Mean time per level.
                   A        B        C        D        E       F      G
               +--------+--------+--------+--------+--------+-----+--------+
         Total |   9995 |   9742 |    253 |    298 |   7678 |  10 |  999.5 |
       Dungeon |   9472 |   9227 |    245 |    109 |   7618 |   8 | 1184.0 |
        Temple |     39 |     31 |      8 |      0 |     29 |   1 |   39.0 |
        Bailey |    483 |    483 |      0 |    189 |     31 |   1 |  483.0 |
               +--------+--------+--------+--------+--------+-----+--------+

Top non-repeatable levels by time:
     D:7: 1882 daAuts
     D:5: 1548 daAuts
     D:3: 1544 daAuts
     D:4: 1341 daAuts
     D:1: 1190 daAuts
     D:2: 1015 daAuts
     D:6: 811 daAuts
  Bailey: 483 daAuts
     D:8: 138 daAuts
  Temple: 39 daAuts
